 Dungeon Crawl Stone Soup version 0.31-a0-1549-g5ff9445 (webtiles) character file.

Game seed: 4961181415329404244

20 Dorkslayer the Trooper (level 2, 0/32 HPs)
             Began as an Oni Fighter on Jan 2, 2024.
             Slain by a scorpion (4 damage)
             ... on level 2 of the Dungeon.
             The game lasted 00:02:07 (828 turns).

Dorkslayer the Trooper (Oni Fighter)                 Turns: 828, Time: 00:02:08

Health: 0/32       AC:  3    Str: 19    XL:     2   Next: 79%
Magic:  2/2        EV:  8    Int:  9    God:
Gold:   25         SH:  7    Dex:  8    Spells: 1/1 levels left

rFire   . . .        a - +0 war axe
rCold   . . .        c - +0 kite shield
rNeg    . . .        b - +0 robe
rPois   .            (helmet restricted)
rElec   .            (no cloak)
rCorr   .            (gloves unavailable)
SInv    .            (boots unavailable)
Will    .....        (no amulet)
Stlth   +            (no ring)
HPRegen 0.25/turn    (no ring)
MPRegen 0.08/turn

%: no passive effects
@: lethally poisoned (0 -> -7)
A: large, unfitting armour, horns 1, tough skin 1, double potion healing,
drunken brawling
a: no special abilities


You were on level 2 of the Dungeon.
You visited 1 branch of the dungeon, and saw 2 of its levels.

You collected 25 gold pieces.

Inventory:

Hand Weapons
 a - a +0 war axe (weapon)
Armour
 b - a +0 robe (worn)
 c - a +0 kite shield (worn)
Scrolls
 e - 2 scrolls of teleportation {unknown}
 f - a scroll of fear {unknown}
 g - 2 scrolls of identify {unknown}
 i - 2 scrolls of poison {unknown}
Potions
 d - a potion of might
 h - a potion of lignification {unknown}
 j - a potion of curing {unknown}


   Skills:
 + Level 4.1 Fighting
 + Level 2.3 Axes
 * Level 0.3 Armour
 * Level 3.0 Dodging
 + Level 2.8 Shields


You had one spell level left.
You didn't know any spells.
Your spell library was empty.

Dungeon Overview and Level Annotations

Branches:
Dungeon (2/15)

Altars:


Innate Abilities, Weirdness & Mutations

You are too large for most types of armour.
You have a pair of small horns on your head.
You have tough skin. (AC +1)
You gain doubled healing and magic from potions.
Whenever you drink a healing potion, you attack all around you.


Message History

You see here a +0 ring mail.
You open the door.
g - 2 scrolls labelled ECRYCKUSIMUIPH (gained 1)
i - 2 scrolls labelled VALIALU GURIONIRY (gained 1)
You see here a +0 arbalest.
Done exploring.
There is a stone staircase leading down here.
You climb downwards.
The rat squeaks loudly.
Found three items.
There is a stone staircase leading up here.
The rat twitches its whiskers.
The rat bites you but does no damage.
You barely miss the rat. The rat bites you.
You completely miss the rat. Your headbutt misses the rat.
The rat barely misses you. The rat bites you.
You slash the rat!
You kill the rat!
You see here a rat corpse.
A goblin comes into view. It is wielding a +0 club.
The goblin shouts!
The goblin unwields a +0 club.
The goblin wields a +0 sling.
The goblin shoots a sling bullet.
The sling bullet hits you.
A scorpion comes into view.
A gnoll comes into view. It is wielding a +0 club.
The goblin shoots a sling bullet.
The sling bullet hits you but does no damage.
The gnoll shouts!
Found 22 gold pieces, 4 silver javelins and a robe.
The goblin shoots a sling bullet.
The sling bullet hits you. The scorpion stings you!
You closely miss the scorpion. The scorpion stings you.
* * * LOW HITPOINT WARNING * * *
You are lethally poisoned!
The scorpion poisons you!
You hit the scorpion but do no damage. You hit the gnoll.
* * * LOW HITPOINT WARNING * * *
You feel very sick. The scorpion stings you.
You die...

## ## #.#
#.# .. ..
###.#.###
#...g...#
#[#.#s#.#(#
#$...@g..$#
#####.#####
####.#.#.###
#..........#
#.##.#..##.#
#.##.#..#
#..†.# .#
#..### .#
#.<# #


You could see a scorpion, a gnoll and a goblin.

Vanquished Creatures
  A dart slug (D:1)
  2 endoplasms (D:1)
  2 giant cockroaches (D:1)
  4 hobgoblins (D:1)
  2 kobolds (D:1)
  2 bats (D:1)
  A frilled lizard (D:1)
  3 rats
17 creatures vanquished.

Notes
Turn   | Place    | Note
-------+----------+-------------------------------------------
     0 | D:1      | Dorkslayer the Oni Fighter began the quest for the Orb.
     0 | D:1      | Reached XP level 1. HP: 24/24 MP: 1/1
   169 | D:1      | Reached XP level 2. HP: 31/32 MP: 2/2
   823 | D:2      | Noticed a scorpion
   828 | D:2      | Slain by a scorpion

Illustrated notes

Levels and vault maps discovered:
D:1:      lemuel_arrival_tunnels, layout_basic, minmay_pentomino_v4
D:2:      minmay_spotlight, layout_loops_ring, chequers_serial_rivers_micro_d

Skill      XL: |  1  2 |
---------------+-------+-----
Dodging        | 3 |  3.0
Fighting       | |  4.1
Axes           | |  2.3
Armour         | |  0.3
Shields        | |  2.8

Action                     || total
---------------------------++-------
  Melee: War axe           ||    35
         Headbutt          ||     4
 Armour: Robe              ||    25
  Dodge: Dodged            ||     7
  Block: Kite shield       ||     9

Table legend: (Time is in decaauts)
 A = Elapsed time spent in this place.
 B = Non-inter-level travel time spent in this place.
 C = Inter-level travel time spent in this place.
 D = Time resting spent in this place.
 E = Time spent auto-exploring this place.
 F = Levels seen in this place.
 G = Mean time per level.
                   A        B        C        D        E       F      G
               +--------+--------+--------+--------+--------+-----+--------+
         Total |    845 |    845 |      0 |      0 |    532 |   2 |  422.5 |
       Dungeon |    845 |    845 |      0 |      0 |    532 |   2 |  422.5 |
               +--------+--------+--------+--------+--------+-----+--------+

Top non-repeatable levels by time:
     D:1: 831 daAuts
     D:2: 14 daAuts
